 Dungeon Crawl Stone Soup version 0.28-a0-465-ge2dae52223 (webtiles) character file.

Game seed: 11842025721896736176

564 Squid the Skirmisher (level 7, -8/64 HPs)
             Began as a Green Draconian Berserker on Sept 14, 2021.
             Was a Priest of Trog.
             Mangled by an ogre (22 damage)
             ... on level 4 of the Dungeon.
             The game lasted 00:12:03 (3593 turns).

Squid the Skirmisher (Green Draconian Berserker)    Turns: 3593, Time: 00:12:03

Health: -8/64      AC:  6    Str: 21    XL:     7   Next: 10%
Magic:  7/7        EV: 12    Int:  7    God:    Trog [***...]
Gold:   147        SH:  0    Dex: 11    Spells: 6/6 levels left

rFire   + . .      SeeInvis .   e - +1 war axe (elec)
rCold   . . .      Faith    +   (no shield)
rNeg    . . .      Spirit   .   (armour unavailable)
rPois   +          Reflect  .   (helmet restricted)
rElec   .          Harm     .   (no cloak)
rCorr   .          Rampage  .   (no gloves)
Will    .....                   (no boots)
Stlth   +.........              j - amulet of faith
HPRegen 0.20/turn               h - ring of protection from fire
MPRegen 0.10/turn               (no ring)

@: no status effects
A: breathe noxious fumes, AC +6, unfitting armour, poison resistance,
cold-blooded
a: Breathe Noxious Fumes, Renounce Religion, Berserk, Trog's Hand


You were on level 4 of the Dungeon.
You worshipped Trog.
Trog was most pleased with you.
You visited 1 branch of the dungeon, and saw 4 of its levels.

You collected 147 gold pieces.

Inventory:

Hand Weapons
 e - a +1 war axe of electrocution (weapon)
 g - a +2 short sword of draining
Missiles
 a - a throwing net
 f - 5 boomerangs of dispersal
Jewellery
 h - a ring of protection from fire (left hand)
 j - an amulet of faith (around neck)
Scrolls
 d - a scroll of immolation {unknown}
 i - a scroll of identify
 m - a scroll of holy word
Potions
 b - a potion of brilliance
 c - 2 potions of heal wounds
 k - a potion of ambrosia {unknown}
 l - 2 potions of curing


   Skills:
 * Level 6.3 Fighting
 - Level 4.7 Short Blades
 * Level 1.3(2.5) Axes
 - Level 3.3(3.5) Maces & Flails
 - Level 3.0 Dodging


You had 6 spell levels left.
You didn't know any spells.
Your spell library was empty.

Dungeon Overview and Level Annotations

Branches:
Dungeon (4/15)
 Temple: D:4-7

Altars:
Ashenzari


Innate Abilities, Weirdness & Mutations

You can breathe blasts of noxious fumes.
Your lurid green scales are hard. (AC +6)
You cannot fit into any form of body armour.
Your system is resistant to poisons. (rPois)
You are cold-blooded and may be slowed by cold attacks.


Message History

You have reached level 7!
Your scales start taking on a lurid green colour.
You learn Poison Magic much quicker.
You can breathe blasts of noxious fumes.
You feel resistant to poisons.
Things that are here:
a +0 mace; an orc corpse
Things that are here:
a +0 mace; an orc corpse A hound comes into view.
The hound barks!
The hound pauses to sniff the ground.
You closely miss the hound.
Your tail-slap misses the hound.
The hound closely misses you.
A dart slug comes into view.
The hound closely misses you.
You slash the hound!
You kill the hound!
Trog accepts your kill.
An ogre comes into view. It is wielding a +0 giant club.
The ogre shouts!
You see here a scroll of holy word.
The dart slug launches a dart at you.
The slug dart hits you but does no damage.
You see here a scroll of holy word.
m - a scroll of holy word You slash the dart slug!
You kill the dart slug!
Trog accepts your kill. The ogre closely misses you.
You see here a dart slug corpse.
The ogre hits you with a +0 giant club!
You hit the ogre.
The ogre is lightly wounded.
The ogre hits you with a +0 giant club!
* * * LOW HITPOINT WARNING * * *
You hit the ogre.
The ogre is moderately wounded.
The ogre hits you with a +0 giant club!!
You die...

.............
............
........... ........
.....o. ......
....... #...#
...h... ##.O.#
#......
#.†@.#########....##
#...........##....##
+...................
##...##.............
##†..##.....##......
#....##.....##......
#....)..†.........##
#.................##
#...........########


You could see an ogre.

Vanquished Creatures
  Grinder (D:3)
  An ogre (D:4)
  A howler monkey (D:4)
  3 hounds
  An iguana (D:4)
  A hound skeleton (D:4)
  Robin (D:2)
  An adder (D:2)
  An adder skeleton (D:4)
  A worm (D:2)
  4 dart slugs
  An orc (D:4)
  7 bats
  5 endoplasms
  11 giant cockroaches (D:2)
  12 goblins
  6 hobgoblins
  2 jackals (D:4)
  5 kobolds
  A quokka (D:1)
  5 ball pythons
  7 frilled lizards
  6 rats
84 creatures vanquished.

Notes
Turn   | Place    | Note
-------+----------+-------------------------------------------
     0 | D:1      | Squid the Draconian Berserker began the quest for the Orb.
     0 | D:1      | Reached XP level 1. HP: 19/19 MP: 1/1
    81 | D:1      | Reached XP level 2. HP: 6/26 MP: 2/2
   237 | D:1      | Found a faded altar of an unknown god.
   510 | D:1      | Reached ** piety under Trog
  1340 | D:2      | Reached XP level 3. HP: 32/33 MP: 3/3
  1400 | D:2      | Reached skill level 4 in Fighting
  1534 | D:2      | Found a broken altar of Ashenzari.
  1639 | D:2      | Noticed Robin
  1645 | D:2      | Reached skill level 1 in Short Blades
  1652 | D:2      | Killed Robin
  1653 | D:2      | Reached XP level 4. HP: 35/41 MP: 4/4
  2686 | D:3      | Noticed Grinder
  2709 | D:3      | Killed Grinder
  2710 | D:3      | Reached skill level 5 in Fighting
  2710 | D:3      | Reached XP level 5. HP: 48/48 MP: 5/5
  2710 | D:3      | Reached XP level 6. HP: 56/56 MP: 6/6
  2849 | D:3      | Reached *** piety under Trog
  3551 | D:4      | Reached skill level 6 in Fighting
  3568 | D:4      | Reached skill level 1 in Axes
  3568 | D:4      | Your scales start taking on a lurid green colour.
  3568 | D:4      | Reached XP level 7. HP: 30/63 MP: 7/7
  3568 | D:4      | Gained mutation: Your system is resistant to poisons.
                  | (rPois) [Green Draconian growth]
  3593 | D:4      | Mangled by an ogre

Illustrated notes

Levels and vault maps discovered:
D:1:      ebering_hopf_link, layout_loops_ring,
          hellmonk_ecumenical_altar_zigzags, minmay_tall_x
D:2:      minmay_roachtagon, layout_basic, basic_altar, uniq_robin
D:3:      layout_loops_ring, minivault_26, uniq_grinder
D:4:      wander_river, layout_gridville, gammafunk_temple_overflow_elements,
          led_xom_imps, uniq_pikel

Skill      XL: |  1  2  3  4  5  6 |
---------------+-------------------+-----
Dodging        | 3 |  3.0
Fighting       | 4 5 6 |  6.3
Short Blades   | 1 3 4 |  4.7
Axes           | 1 |  1.3
Maces & Flails | |  3.3

Action                   |  1- 3 |  4- 6 |  7- 9 || total
-------------------------+-------+-------+-------++-------
Melee: Mace              |    48 |       |       ||    48
       Tailslap          |    14 |    16 |       ||    30
       Dagger            |    37 |       |       ||    37
       Short sword       |    28 |    84 |       ||   112
       War axe           |       |    13 |     5 ||    18
Invok: Berserk           |     4 |     3 |       ||     7
       Trog's Hand       |       |     2 |       ||     2
  Use: Scroll            |     5 |     4 |       ||     9
       Potion            |     2 |     1 |       ||     3
Armor: Skin              |    42 |    49 |     1 ||    92
Dodge: Dodged            |    81 |    97 |     3 ||   181

Table legend: (Time is in decaauts)
 A = Elapsed time spent in this place.
 B = Non-inter-level travel time spent in this place.
 C = Inter-level travel time spent in this place.
 D = Time resting spent in this place.
 E = Time spent auto-exploring this place.
 F = Levels seen in this place.
 G = Mean time per level.
                   A        B        C        D        E       F      G
               +--------+--------+--------+--------+--------+-----+--------+
         Total |   3668 |   3452 |    216 |    839 |   1642 |   4 |  917.0 |
       Dungeon |   3668 |   3452 |    216 |    839 |   1642 |   4 |  917.0 |
               +--------+--------+--------+--------+--------+-----+--------+

Top non-repeatable levels by time:
     D:2: 1237 daAuts
     D:3: 1161 daAuts
     D:1: 1085 daAuts
     D:4: 184 daAuts
